 Dungeon Crawl Stone Soup version 0.31.0-11-ge490571c62 (webtiles) character file.

Game seed: 2771544785565305211

47 qw the Shooter (level 3, 0/18 HPs)
             Began as a Spriggan Hunter on Feb 5, 2024.
             Slain by Terence
             ... wielding a +0 mace
              (5 damage)
             ... on level 3 of the Dungeon.
             The game lasted 00:00:40 (1265 turns).

qw the Shooter (Spriggan Hunter)                    Turns: 1265, Time: 00:00:41

Health: 0/18       AC:  2    Str:  7    XL:     3   Next: 48%
Magic:  4/4        EV: 19    Int: 10    God:
Gold:   139        SH:  0    Dex: 20    Spells: 2/2 levels left

rFire   . . .        a - +0 shortbow
rCold   . . .        (shield currently unavailable)
rNeg    . . .        c - +0 robe
rPois   .            (helmet restricted)
rElec   .            (no cloak)
rCorr   .            (gloves unavailable)
SInv    +            (boots unavailable)
Will    .....        (no amulet)
Stlth   ++           (no ring)
HPRegen 0.23/turn    (no ring)
MPRegen 0.09/turn

%: no passive effects
@: very quick
A: very small, no large weapons, unfitting armour, see invisible, speed 3
a: no special abilities


You were on level 3 of the Dungeon.
You visited 1 branch of the dungeon, and saw 3 of its levels.

You collected 139 gold pieces.


Innate Abilities, Weirdness & Mutations

You are very small and have problems with some larger weapons.
You are too small for most types of armour.
You have supernaturally acute eyesight. (SInv)
You cover ground extremely quickly. (Speed+++)


   Skills:
 - Level 1.5 Fighting
 + Level 4.7 Ranged Weapons
 - Level 4.0 Dodging
 - Level 1.5 Stealth


You had 2 spell levels left.
You didn't know any spells.
Your spell library was empty.

Inventory:

Hand Weapons
 a - a +0 shortbow (weapon)
Armour
 c - a +0 robe (worn)
Potions
 d - a potion of haste
 e - a potion of might
 f - a potion of mutation
 g - a potion of curing {unknown}

Dungeon Overview and Level Annotations

Branches:
Dungeon (3/15)

Altars:

Annotations:
D:3 Terence


Message History

Done exploring.
1214 ||| READING scroll of identify.
1214 ||| IDENTIFYING golden potion
As you read the scroll of identify, it crumbles to dust.
f - a potion of mutation Done exploring.
What level of the Dungeon? (default 2, ? - help)
You see here a +0 robe.
There is an open door here.
There is an open door here.
There is a stone staircase leading down here.
You climb downwards.
Found an escape hatch in the floor.
There is a stone staircase leading up here.
There are monsters nearby!
Waypoint 2 assigned to D:3.
1244 ||| STAIRDANCE Terence shouts!
The kobold shouts!
Terence hits you with a +0 mace.
You climb upwards.
There is a stone staircase leading down here.
You start resting.
HP restored.
You climb downwards.
Level annotation: Terence Terence says, "Did you write a will?
You should..."
Terence hits you with a +0 mace. The kobold barely misses you.
There is a stone staircase leading up, spattered with blood here.
You shoot an arrow. The arrow hits Terence.
Terence is lightly wounded.
Terence hits you with a +0 mace. The kobold completely misses you.
You shoot an arrow.
The arrow hits Terence but does no damage.
Terence is lightly wounded.
Terence barely misses you. The kobold hits you but does no damage.
You shoot an arrow. The arrow barely misses Terence.
Terence hits you with a +0 mace. The kobold misses you.
The kobold barely misses you. Terence hits you with a +0 mace.
You die...
Terence says, "Rest in peace."

. .. ###
#. .. #.
#. ##
#.#.#.#
#.K..#
#.@# #.@#
.....
...#..##
#.#.#...#
# #.....>
. ..... .
##....


You could see Terence and a kobold.

Vanquished Creatures
  A dart slug (D:2)
  A ribbon worm (D:2)
  2 bats (D:1)
  4 endoplasms (D:1)
  3 giant cockroaches
  8 goblins
  5 hobgoblins (D:1)
  3 kobolds (D:1)
  A quokka (D:2)
  6 ball pythons (D:1)
  A frilled lizard (D:2)
  3 rats (D:1)
38 creatures vanquished.

Notes
Turn   | Place    | Note
-------+----------+-------------------------------------------
     0 | D:1      | qw the Spriggan Hunter began the quest for the Orb.
     0 | D:1      | Reached XP level 1. HP: 10/10 MP: 2/2
     0 | D:1      | 0 ||| qw: Version: 0.3-a-160-g6735b56
     0 | D:1      | 0 ||| qw: Game counter: 6540
     0 | D:1      | 0 ||| qw: Melee chars always use a shield: true
     0 | D:1      | 0 ||| qw: God list: Okawaru
     0 | D:1      | 0 ||| qw: Allow faded altars: false
     0 | D:1      | 0 ||| qw: Do Orc after clearing Dungeon:15 true
     0 | D:1      | 0 ||| qw: Do second Lair branch before Depths: true
     0 | D:1      | 0 ||| qw: Lair rune preference: random
     0 | D:1      | 0 ||| qw: Goals: Normal
     0 | D:1      | 0 ||| PLANNING D:1-11
    15 | D:1      | Reached skill level 3 in Dodging
    37 | D:1      | Reached XP level 2. HP: 14/14 MP: 3/3
   255 | D:1      | Found a faded altar of an unknown god.
   382 | D:1      | Reached XP level 3. HP: 18/18 MP: 4/4
   521 | D:1      | 521 ||| DRINKING 2 black potions.
   522 | D:1      | 522 ||| DROPPING scroll of butterflies.
  1213 | D:2      | 1213 ||| READING 2 scrolls labelled BUM EGUXAPP.
  1213 | D:2      | 1213 ||| IDENTIFYING pink potion
  1214 | D:2      | 1214 ||| READING scroll of identify.
  1214 | D:2      | 1214 ||| IDENTIFYING golden potion
  1243 | D:3      | Noticed Terence
  1244 | D:3      | 1244 ||| STAIRDANCE
  1265 | D:3      | Slain by Terence

Levels and vault maps discovered:
D:1:      scummos_arrival_checkerplants, layout_rooms,
          ebering_ecumenical_altar_petrified, chequers_serial_rivers_large_a,
          minmay_tree_intersection, hangedman_decor_push
D:2:      layout_loops_corners, minmay_misc_feat_cross, serial_park_tiny_pond,
          minivault_26
D:3:      minmay_angry_zag, layout_loops_ring, serial_shops,
          nicolae_shop_industrial_runoff, uniq_natasha, uniq_terence

Skill      XL: |  1  2 |
---------------+-------+-----
Dodging        | 3 4 |  4.0
Fighting       | |  1.5
Ranged Weapons | |  4.7
Stealth        | |  1.5

Action                     || total
---------------------------++-------
   Fire: Shortbow          ||    90
    Use: Scroll            ||     2
         Potion            ||     1
 Armour: Robe              ||    10
  Dodge: Dodged            ||    24

Table legend:
 A = Non-vault XP
 B = Vault XP
 C = Vault XP percentage of total XP
 D = Non-vault monster count
 E = Vault monster count
 F = Vault count percentage of total count
                 A         B        C        D         E       F
            +---------+---------+-------+---------+---------+-------
      Total |      68 |       0 |   0.0 |      38 |       0 |   0.0
            +---------+---------+-------+---------+---------+-------
        D:1 |      51 |       0 |   0.0 |      30 |       0 |   0.0
        D:2 |      17 |       0 |   0.0 |       8 |       0 |   0.0
            +---------+---------+-------+---------+---------+-------
